 Dungeon Crawl Stone Soup version 0.28.0-47-ge53b351184 (webtiles) character file.

Game seed: 16322323378014262694

158 CryoSword the Shooter (level 5, -2/30 HPs)
             Began as a Tengu Hunter on Apr 26, 2022.
             Slain by Grinder (7 damage)
             ... on level 4 of the Dungeon.
             The game lasted 00:07:25 (3504 turns).

CryoSword the Shooter (Tengu Hunter)                Turns: 3504, Time: 00:07:27

Health: -2/30      AC:  3    Str: 14 (15) XL:     5   Next: 40%
Magic:  6/6        EV: 14    Int:  9 (11) God:
Gold:   133        SH:  0    Dex: 12 (14) Spells: 3/4 levels left

rFire   . . .      SeeInvis .   w - +1 shortbow
rCold   . . .      Faith    .   (shield currently unavailable)
rNeg    . . .      Spirit   .   n - +0 leather armour
rPois   .          Reflect  .   (helmet restricted)
rElec   .          Harm     .   (no cloak)
rCorr   .          Rampage  .   (no gloves)
Will    .....                   (boots unavailable)
Stlth   ++........              (no amulet)
HPRegen 0.10/turn               (no ring)
MPRegen 0.10/turn               (no ring)

@: weak-willed, flying quickly and evasively, quick
A: beak, talons 3, nimble flight, camouflage 1, mutation resistance 1
a: no special abilities


You were on level 4 of the Dungeon.
You visited 1 branch of the dungeon, and saw 4 of its levels.

You collected 133 gold pieces.

Inventory:

Hand Weapons
 a - a +0 mace
   (You took it off an orc on level 3 of the Dungeon)
 w - a +1 shortbow (weapon)
Missiles
 m - 2 boomerangs
Armour
 n - a +0 leather armour (worn)
   (You took it off an orc on level 3 of the Dungeon)
Jewellery
 f - a ring of wizardry
   (You found it on level 4 of the Dungeon)
Wands
 g - a wand of digging (7)
   (You found it on level 3 of the Dungeon)
Scrolls
 b - a scroll of acquirement {unknown}
 e - a scroll of vulnerability {!r}
 h - a scroll of amnesia {unknown}
 i - 2 scrolls of teleportation {unknown}
 k - 2 scrolls of fog {unknown}
 o - a scroll of identify {unknown}
Potions
 j - a potion of flight


   Skills:
 + Level 2.2 Fighting
 * Level 6.9 Bows
 - Level 2.1 Dodging
 - Level 1.0 Stealth
 + Level 0.5 Hexes


You had 3 spell levels left.
You knew the following spells:

 Your Spells              Type           Power      Damage    Failure   Level
a - Slow                  Hex            0%         N/A       38%         1

Your spell library contained the following spells:

 Spells                   Type           Power      Damage    Failure   Level
 Animate Skeleton         Necr           0%         N/A       45%         1
 Magic Dart               Conj           0%         1d3       45%         1
 Pain                     Necr           0%         1d4       45%         1
 Call Imp                 Summ           0%         N/A       61%         2
 Confusing Touch          Hex            0%         N/A       77%         3
 Mephitic Cloud           Conj/Pois/Air  0%         N/A       83%         3
 Vampiric Draining        Necr           0%         2d6       83%         3
 Blade Hands              Tmut           0%         N/A       100%        5
 Freezing Cloud           Conj/Ice/Air   0%         6-21      100%        5
 Irradiate                Conj/Tmut      0%         3d13      100%        5
 Yara's Violent Unravell  Hex/Tmut       0%         3d3       100%        5
 Simulacrum               Ice/Necr       0%         N/A       100%        6
 Dragon Form              Tmut           0%         N/A       100%        7
 Enfeeble                 Hex            0%         N/A       100%        7
 Polar Vortex             Ice            0%         N/A       100%        9


Dungeon Overview and Level Annotations

Branches:
Dungeon (4/15)
 Temple: D:4-7

Altars:
Beogh

Shops:
D:2 ?

Annotations:
D:3 3 runed translucent doors, deveboy's ghost, amateur TrBe
D:4 Grinder


Innate Abilities, Weirdness & Mutations

You have a beak for a mouth.
You have claws for feet.
Your magical nature lets you fly swiftly and evasively.
Your skin changes colour to match your surroundings (Stealth+).
You are somewhat resistant to further mutation.


Message History

The adder completely misses you.
You miss the adder. Your kick misses the adder. The adder closely misses you.
The adder bites you.
You are poisoned.
The adder poisons you!
You hit the adder.
You kill the adder!
You feel sick.
No target in view!
You feel sick.
You feel sick.
You feel sick.
You are no longer poisoned.
o - a scroll labelled GANTIGGICET
i - 2 scrolls labelled NEUKASHETWUMP (gained 1)
A hobgoblin comes into view.
A hobgoblin is nearby!
A hobgoblin is nearby!
A hobgoblin is nearby!
You hit the hobgoblin. You peck the hobgoblin. The hobgoblin hits you.
The hobgoblin closely misses you.
You closely miss the hobgoblin. Your kick misses the hobgoblin.
The hobgoblin barely misses you.
You hit the hobgoblin but do no damage. The hobgoblin barely misses you. x2
You hit the hobgoblin.
You kill the hobgoblin!
No target in view!
Search for what [Enter for "armor", or ? for help]? weapon An endoplasm comes into view.
An endoplasm is nearby!
An endoplasm is nearby!
The helpless endoplasm fails to defend itself.
You hit the endoplasm. You claw the endoplasm.
You kill the endoplasm!
No target in view!
Found a trident.
Could not explore, unopened door.
You reach down and open the door.
There is an open door here.
Could not explore, unopened door.
You reach down and open the door.
There is an open door here.
Could not explore, unopened door.
You reach down and open the door.
There is an open door here.
Could not explore, unopened door.
You reach down and open the door.
Grinder comes into view.
Grinder gestures at you. Pain shoots through your body!
w - a +1 shortbow (weapon)
Fire: 17 arrows
Aim: Grinder (61% to hit)
Okay, then.
Okay, then.
Okay, then.
As you read the scroll labelled YPOAVO OGGO, it crumbles to dust.
Magic quickly surges around you.
It was a scroll of vulnerability.
Okay, then.
It was a potion of flight.
You feel more buoyant.
It was a potion of degeneration.
There was something very wrong with that liquid.
You feel weakened.
You feel dopey.
You feel clumsy. Grinder closely misses you.
Unknown command.
It was a potion of mutation.
You feel extremely strange.
Your skin functions as natural camouflage.
You feel genetically stable.
Grinder blinks!
Fire: 17 arrows
Aim: Grinder (weak-willed, 60% to hit)
You shoot an arrow. The arrow completely misses Grinder.
Fire: 16 arrows
Aim: Grinder (weak-willed, 60% to hit)
You shoot an arrow. The arrow closely misses Grinder.
Here: Grinder (weak-willed) Item here: an arrow.
The floor.
Fire: 15 arrows
Aim: Grinder (weak-willed, 60% to hit)
You shoot an arrow. The arrow barely misses Grinder.
Grinder gestures at you.
You suddenly lose the ability to move!
You can move again.
Unknown command.
Unknown command.
Fire: 14 arrows
Aim: Grinder (weak-willed, 60% to hit)
You shoot an arrow.
The arrow hits Grinder but does no damage.
Fire: 13 arrows
Aim: Grinder (weak-willed, 60% to hit)
You shoot an arrow. The arrow hits Grinder!
Fire: 12 arrows
Aim: Grinder (moderately wounded, weak-willed, 60% to hit)
You shoot an arrow. The arrow hits Grinder.
Grinder gestures at you.
You barely resist.
Fire: 11 arrows
Aim: Grinder (moderately wounded, weak-willed, 60% to hit)
You shoot an arrow. The arrow hits Grinder!
Grinder gestures at you. Pain shoots through your body!
Fire: 10 arrows
Aim: Grinder (heavily wounded, weak-willed, 60% to hit)
You shoot an arrow. The arrow barely misses Grinder.
Fire: 9 arrows
Aim: Grinder (heavily wounded, weak-willed, 60% to hit)
You shoot an arrow. The arrow hits Grinder.
Fire: 8 arrows
Aim: Grinder (heavily wounded, weak-willed, 60% to hit)
You shoot an arrow. The arrow closely misses Grinder.
Grinder gestures at you. Pain shoots through your body!
* * * LOW HITPOINT WARNING * * *
Fire: 7 arrows
Aim: Grinder (heavily wounded, weak-willed, 60% to hit)
You shoot an arrow. The arrow closely misses Grinder.
Grinder blinks!
Fire: 6 arrows
Aim: Grinder (heavily wounded, weak-willed, 60% to hit)
You shoot an arrow. The arrow hits Grinder.
Grinder blinks!
Fire: 5 arrows
Aim: Grinder (severely wounded, weak-willed, 60% to hit)
You shoot an arrow. The arrow closely misses Grinder.
Grinder misses you.
Fire: 4 arrows
Aim: Grinder (severely wounded, weak-willed, 60% to hit)
You shoot an arrow. The arrow closely misses Grinder.
Grinder hits you!
* * * LOW HITPOINT WARNING * * *
Fire: 3 arrows
Aim: Grinder (severely wounded, weak-willed, 60% to hit)
You shoot an arrow. The arrow hits Grinder.
Grinder gestures at you.
You struggle to resist.
Fire: 2 arrows
Aim: Grinder (severely wounded, weak-willed, 60% to hit)
You shoot an arrow. The arrow barely misses Grinder.
Grinder closely misses you.
Fire: arrow
Aim: Grinder (severely wounded, weak-willed, 60% to hit)
You shoot an arrow. The arrow hits Grinder.
Grinder barely misses you. Grinder hits you!
You die...

.........#
.........#
.###..##.#
####..##.#
.....>##'###
##.........#
#.........#
#.........########
#.........'....@.#
#.........######5#
#.......(.# ...
##.........# ((..#
...........# .(..#
...[.......# #####
.....#######
.....# .....#


You could see Grinder (weak-willed).

Vanquished Creatures
  A hound (D:4)
  An orc priest (D:3)
  2 adders (D:4)
  A worm (D:2)
  3 dart slugs
  7 orcs (D:3)
  5 ball pythons
  7 endoplasms
  2 giant cockroaches
  5 goblins
  3 hobgoblins
  7 jackals
  A kobold (D:1)
  2 bats (D:1)
  14 frilled lizards
  6 rats
67 creatures vanquished.

Notes
Turn   | Place    | Note
-------+----------+-------------------------------------------
     0 | D:1      | CryoSword the Tengu Hunter began the quest for the Orb.
     0 | D:1      | Reached XP level 1. HP: 12/12 MP: 2/2
   265 | D:1      | Reached XP level 2. HP: 17/17 MP: 3/3
   297 | D:1      | Reached skill level 5 in Bows
   486 | D:1      | Reached XP level 3. HP: 21/21 MP: 4/4
   905 | D:2      | Found Riwko's Magic Scroll Emporium.
  1868 | D:3      | Reached skill level 6 in Bows
  1883 | D:3      | Reached XP level 4. HP: 26/26 MP: 5/5
  1896 | D:3      | Noticed deveboy's ghost (amateur TrBe)
  1897 | D:3      | Found a runed translucent gate.
  1898 | D:3      | Found a runed translucent gate.
  1900 | D:3      | Found a runed translucent gate.
  2888 | D:3      | Learned a level 1 spell: Slow
  2927 | D:4      | Gained mutation: Your magical nature lets you fly swiftly
                  | and evasively. [Tengu growth]
  2927 | D:4      | Reached XP level 5. HP: 26/30 MP: 6/6
  3474 | D:4      | Noticed Grinder
  3479 | D:4      | Gained mutation: Your skin changes colour to match your
                  | surroundings (Stealth+). [potion of mutation]
  3479 | D:4      | Gained mutation: You are somewhat resistant to further
                  | mutation. [potion of mutation]
  3483 | D:4      | Paralysed by Grinder for 2 turns
  3504 | D:4      | Slain by Grinder

Illustrated notes

Levels and vault maps discovered:
D:1:      dpeg_arrival_boxorama, layout_basic, minmay_lizard_pond
D:2:      layout_basic, serial_shops, nicolae_shop_competitors_out_of_business
D:3:      layout_loops_ring, biasface_ghost_orc_armoury
D:4:      layout_basic, minitemple, lemuel_temple_firewalk_b, uniq_natasha,
          uniq_grinder

Skill      XL: |  1  2  3 |
---------------+----------+-----
Bows           | 5 6 |  6.9
Fighting       | |  2.2
Dodging        | |  2.1
Stealth        | |  1.0
Hexes          | |  0.5

Action                   |  1- 3 |  4- 6 || total
-------------------------+-------+-------++-------
Melee: Short sword       |    53 |       ||    53
       Kick              |    25 |     9 ||    34
       Peck              |     9 |     5 ||    14
       Trident           |    23 |     2 ||    25
       Punch             |     1 |       ||     1
       Mace              |       |    35 ||    35
 Fire: Shortbow          |    23 |    20 ||    43
  Use: Potion            |       |     3 ||     3
       Scroll            |       |     1 ||     1
 Stab: Sleeping          |       |     1 ||     1
Armor: Leather armour    |    10 |     1 ||    11
       Scale mail        |    17 |    12 ||    29
Dodge: Dodged            |    43 |    21 ||    64
